 Dungeon Crawl Stone Soup version 0.27-a0-1154-gfdeffcb720 (webtiles) character file.

Game seed: 13852549018108333599

74 mhtbhm the Firebug (level 4, 0/24 HPs)
             Began as a Deep Elf Fire Elementalist on May 14, 2021.
             Slain by an ice beast (6 damage)
             ... on level 3 of the Dungeon.
             The game lasted 00:06:08 (2379 turns).

mhtbhm the Firebug (Deep Elf Fire Elementalist)     Turns: 2379, Time: 00:06:09

Health: 0/24       AC:  2    Str:  5    XL:     4   Next: 10%
Magic:  3/11       EV: 13    Int: 21    God:
Gold:   120        SH:  0    Dex: 15    Spells: 3/10 levels left

rFire    . . .     SeeInvis .   c - +2 dagger (flame)
rCold    . . .     Faith    .   (no shield)
rNeg     . . .     Spirit   .   a - +0 robe
rPois    .         Reflect  .   (no helmet)
rElec    .         Harm     .   (no cloak)
rCorr    .         Rampage  .   (no gloves)
Will     .....                  (no boots)
Stlth    ++........             (no amulet)
HPRegen  0.08/turn              (no ring)
MPRegen  0.12/turn              (no ring)

@: hasted, very quick
A: no striking features
a: no special abilities


You were on level 3 of the Dungeon.
You visited 1 branch of the dungeon, and saw 3 of its levels.

You collected 120 gold pieces.

Inventory:

Hand Weapons
 c - a +2 dagger of flaming (weapon)
Missiles
 d - 9 poisoned darts (quivered)
Armour
 a - a +0 robe (worn)
Scrolls
 e - a scroll of teleportation
Potions
 b - a potion of ambrosia {unknown}
 f - a potion of haste


   Skills:
 + Level 0.1 Fighting
 + Level 2.8 Dodging
 + Level 2.7 Stealth
 + Level 3.8 Spellcasting
 + Level 1.8 Conjurations
 + Level 4.4 Fire Magic


You had 3 spell levels left.
You knew the following spells:

 Your Spells              Type           Power      Damage    Failure   Level
a - Foxfire               Conj/Fire      68%        2x1d7     3%          1
b - Conjure Flame         Conj/Fire      17%        6-21      10%         3
c - Inner Flame           Hex/Fire       13%        N/A       14%         3

Your spell library contained the following spells:

 Spells                   Type           Power      Damage    Failure   Level
 Sticky Flame             Conj/Fire      17%        2d4       32%         4
 Fireball                 Conj/Fire      8%         3d6       67%         5


Dungeon Overview and Level Annotations

Branches:
Dungeon (3/15)

Altars:
Gozag
Okawaru


Message History

You hear the brisk rusting of a drain nearby.
Casting: Foxfire (safe; 3% risk of failure)
Confirm with . or Enter, or press ? or * to list all spells.
Okay, then.
Okay, then.
Casting: Foxfire (safe; 3% risk of failure)
Confirm with . or Enter, or press ? or * to list all spells.
You conjure some foxfire!
Unknown command.
Casting: Foxfire (safe; 3% risk of failure)
Confirm with . or Enter, or press ? or * to list all spells.
You conjure some foxfire!
Unknown command.
Casting: Foxfire (safe; 3% risk of failure)
Confirm with . or Enter, or press ? or * to list all spells.
You conjure some foxfire!
The foxfire hits the frilled lizard.
You kill the frilled lizard!
The foxfire hits the ice beast!
The ice beast melts!
The ice beast is moderately wounded.
Unknown command.
Casting: Foxfire (safe; 3% risk of failure)
Confirm with . or Enter, or press ? or * to list all spells.
You conjure some foxfire!
The foxfire hits the ice beast.
The ice beast melts!
The ice beast is moderately wounded.
Your foxfire dissipates!
The foxfire hits the ice beast.
The ice beast is heavily wounded.
The foxfire hits the ice beast!
The ice beast melts!
The ice beast is severely wounded.
The foxfire hits the ice beast.
The ice beast is severely wounded.
Unknown command.
You hit the ice beast but do no damage.
The ice beast is severely wounded.
The ice beast hits you. The ice beast freezes you!
Unknown command.
It was a potion of haste.
You feel yourself speed up. The ice beast hits you.
* * * LOW HITPOINT WARNING * * *
The ice beast freezes you.
You die...

.....#.##.# ##...##
...#.#.##.## #.....#
...#.#.##.....#.....#
#..#.#.##Y#####.....####
.....#..#.....##...##.†#
......)...###..##.###.#
....#...(......#.)# #.#
#..#####.......#.####.#
#.##...#####...Y@.....#
###.....##.#...########
#...)...#.....#
#.......#.#.#.#
#.......#.#.#>##
#.....##......#
#...##..#.#####
#####'###.#......#
..........###.##.#


You could see an ice beast.

Vanquished Creatures
  A gnoll (D:1)
  A worm (D:2)
  A dart slug (D:1)
  An orc (D:3)
  3 ball pythons
  5 bats
  An endoplasm (D:1)
  A giant cockroach (D:2)
  10 goblins
  5 hobgoblins
  6 quokkas
  4 frilled lizards
  8 kobolds
  7 rats
54 creatures vanquished.

Vanquished Creatures (others)
  151 foxfires
151 creatures vanquished.

Grand Total: 205 creatures vanquished

Notes
Turn   | Place    | Note
-------+----------+-------------------------------------------
     0 | D:1      | mhtbhm the Deep Elf Fire Elementalist began the quest for
                  | the Orb.
     0 | D:1      | Reached XP level 1. HP: 10/10 MP: 6/6
   128 | D:1      | Reached XP level 2. HP: 15/15 MP: 0/8
   396 | D:1      | Reached skill level 4 in Fire Magic
   472 | D:1      | Found a faded altar of an unknown god.
   534 | D:1      | Reached XP level 3. HP: 14/19 MP: 3/10
   725 | D:1      | Learned a level 3 spell: Conjure Flame
   729 | D:1      | Learned a level 3 spell: Inner Flame
  2119 | D:3      | Found an opulent altar of Gozag.
  2167 | D:3      | Reached XP level 4. HP: 24/24 MP: 8/11
  2304 | D:3      | Found an iron altar of Okawaru.
  2339 | D:3      | Noticed an ice beast
  2379 | D:3      | Slain by an ice beast

Illustrated notes

Levels and vault maps discovered:
D:1:      evilmike_arrival_fibonacci_small, layout_basic,
          hellmonk_ecumenical_altar_leap_of_faith
D:2:      layout_rooms
D:3:      kennysheep_six_static_rooms, layout_basic, marbit_many_paths,
          old_standard_altar, gup_sewer_entry_bowl, minivault_26,
          kennysheep_generic_room_13

Skill      XL: |  1  2 |
---------------+-------+-----
Fire Magic     | 4 |  4.4
Fighting       | |  0.1
Dodging        | |  2.8
Stealth        | |  2.7
Spellcasting   | |  3.8
Conjurations   | |  1.8

Action                   |  1- 3 |  4- 6 || total
-------------------------+-------+-------++-------
Melee: Dagger            |     7 |     4 ||    11
Throw: Dart              |       |     1 ||     1
 Cast: Foxfire           |    86 |    14 ||   100
  Use: Scroll            |     5 |       ||     5
       Potion            |       |     1 ||     1
 Stab: Sleeping          |     1 |     1 ||     2
Armor: Robe              |     7 |       ||     7
Dodge: Dodged            |    24 |     5 ||    29

Table legend: (Time is in decaauts)
 A = Elapsed time spent in this place.
 B = Non-inter-level travel time spent in this place.
 C = Inter-level travel time spent in this place.
 D = Time resting spent in this place.
 E = Time spent auto-exploring this place.
 F = Levels seen in this place.
 G = Mean time per level.
                   A        B        C        D        E       F      G
               +--------+--------+--------+--------+--------+-----+--------+
         Total |   2378 |   2369 |      9 |    403 |   1238 |   3 |  792.7 |
       Dungeon |   2378 |   2369 |      9 |    403 |   1238 |   3 |  792.7 |
               +--------+--------+--------+--------+--------+-----+--------+

Top non-repeatable levels by time:
     D:1: 1344 daAuts
     D:2: 670 daAuts
     D:3: 362 daAuts
